 Dungeon Crawl Stone Soup version 0.21.1-1-g345015f (webtiles) character file.

21 prawnwizard the Grave Robber (level 2, 0/20 HPs)
             Began as a Gnoll Necromancer on June 30, 2018.
             Slain by a jackal (3 damage)
             ... on level 2 of the Dungeon.
             The game lasted 00:02:51 (885 turns).

prawnwizard the Grave Robber (Gnoll Necromancer)     Turns: 885, Time: 00:02:52

Health: 0/20       AC:  2    Str: 10    XL:     2   Next: 83%
Magic:  7/7        EV: 14    Int: 17    God:
Gold:   21         SH:  0    Dex: 15    Spells: 9/10 levels left

rFire    . . .     SeeInvis .   i - +0 mace
rCold    . . .     Gourm    .   (no shield)
rNeg     . . .     Faith    .   a - +0 robe
rPois    .         Spirit   .   (no helmet)
rElec    .         Reflect  .   (no cloak)
rCorr    .         Harm     .   (no gloves)
MR       .....                  (no boots)
Stlth    +++.......             (no amulet)
HPRegen  0.06/turn              (no ring)
MPRegen  0.10/turn              (no ring)

@: no status effects
A: distributed training, fangs 1, strong nose
a: no special abilities


You were on level 2 of the Dungeon.
You were not hungry.

You visited 1 branch of the dungeon, and saw 2 of its levels.

You collected 21 gold pieces.

Inventory:

Hand Weapons
 h - a +0 hunting sling
 i - a +0 mace (weapon)
Missiles
 e - 29 stones (quivered)
 f - 37 sling bullets
Armour
 a - a +0 robe (worn)
 l - a +0 scale mail
Scrolls
 d - a scroll of amnesia {unknown}
 g - a scroll of identify {unknown}
Potions
 j - a potion of agility {unknown}
 k - a potion of heal wounds {unknown}
 m - a potion of degeneration {unknown}
Books
 b - a book of Necromancy

   Spells                             Type                      Level
   a - Pain                           Necromancy                   1
   b - Animate Skeleton               Necromancy                   1
   c - Vampiric Draining              Necromancy                   3
   d - Regeneration                   Charms/Necromancy            3
   e - Animate Dead                   Necromancy                   4
   f - Borgnjor's Vile Clutch         Necromancy/Earth             5
Comestibles
 c - 2 rations


   Skills:
 + Level 0.5 Fighting
 + Level 0.5 Short Blades
 + Level 0.5 Long Blades
 + Level 0.5 Axes
 + Level 0.5 Maces & Flails
 + Level 0.5 Polearms
 + Level 0.5 Staves
 + Level 0.5 Slings
 + Level 0.5 Bows
 + Level 0.5 Crossbows
 + Level 0.5 Throwing
 + Level 0.5 Armour
 + Level 4.5 Dodging
 + Level 4.1 Stealth
 + Level 0.5 Shields
 + Level 0.5 Unarmed Combat
 + Level 4.9 Spellcasting
 + Level 0.3 Conjurations
 + Level 0.3 Hexes
 + Level 0.3 Charms
 + Level 0.3 Summonings
 + Level 7.0 Necromancy
 + Level 0.3 Translocations
 + Level 0.3 Transmutations
 + Level 0.3 Fire Magic
 + Level 0.3 Ice Magic
 + Level 0.3 Air Magic
 + Level 0.3 Earth Magic
 + Level 0.3 Poison Magic
 + Level 0.6 Invocations
 + Level 0.5 Evocations


You had 9 spell levels left.
You knew the following spells:

 Your Spells              Type           Power        Failure   Level  Hunger
a - Pain                  Necr           ####         1%          1    None


Dungeon Overview and Level Annotations

Branches:
Dungeon (2/15)

Altars:


Innate Abilities, Weirdness & Mutations

Your experience applies equally to all skills.
You have very sharp teeth.
Your uncanny sense of smell can sniff out nearby items.


Message History

The jackal bites you. The jackal barely misses you.
The dart slug closely misses you.
The frilled lizard bites you but does no damage.
You hit the dart slug but do no damage.
The dart slug is severely wounded.
The jackal closely misses you. The frilled lizard misses you.
The dart slug bites you. The jackal bites you.
An adder comes into view.
You hit the dart slug.
The dart slug is almost dead.
The jackal misses you. The frilled lizard misses you. The jackal bites you.
* * * LOW HITPOINT WARNING * * *
The dart slug bites you.
* * * LOW HITPOINT WARNING * * *
The frilled lizard bites you.
* * * LOW HITPOINT WARNING * * *
You hit the dart slug.
You kill the dart slug!
The jackal bites you.
You die...

### #.# ##.## #.#
#.#.########## #.#
.###.........# #.#
#.#.########.####.## ##
##.## ##.......# .. #
#.########.#####..###.#...
#.......#.......l.........
#######.##.....@h.S.......
#.........##†###.#....
#.#.##..####.# ∆.....
#.#..#.†# #.# ...
#.#.#...# #.? ...
#..###..# ..# ## #.#.#..##
... ##.#..#.# ...
####.....#..


You could see an adder, a jackal and a frilled lizard.

Vanquished Creatures
  A dart slug (D:2)
  3 bats
  2 giant cockroaches
  A hobgoblin (D:1)
  A jackal (D:2)
  4 kobolds
  A frilled lizard (D:1)
  4 rats (D:1)
17 creatures vanquished.

Notes
Turn   | Place    | Note
-------+----------+-------------------------------------------
     0 | D:1      | prawnwizard the Gnoll Necromancer began the quest for the Orb.
     0 | D:1      | Reached XP level 1. HP: 13/13 MP: 6/6
   227 | D:1      | Reached XP level 2. HP: 19/19 MP: 5/7
   885 | D:2      | Slain by a jackal

Action                   || total
-------------------------++-------
Melee: Mace              ||    25
       Bite              ||     4
 Cast: Pain              ||    16
 Stab: Sleeping          ||     1
Armor: Robe              ||     9
Dodge: Dodged            ||    40
